 Dungeon Crawl Stone Soup version 0.16.2-12-gd0ad4c3 (webtiles) character file.

65 dvd the Sneak (level 3, 0/16 HPs)
             Began as a Spriggan Enchanter on Oct 4, 2015.
             Slain by Grinder (4 damage)
             ... on level 3 of the Dungeon.
             The game lasted 00:11:43 (2166 turns).

dvd the Sneak (Spriggan Enchanter)                  Turns: 2166, Time: 00:11:43

Health: 0/16       AC:  4    Str:  4    XL:     3   Next: 94%
Magic:  2/11       EV: 19    Int: 17    God:
Gold:   91         SH:  0    Dex: 16    Spells: 4 memorised, 0 levels left

rFire  . . .     SeeInvis +     a - +1 dagger
rCold  + . .     Clarity  .     b - +1 robe
rNeg   . . .     SustAb   .     (shield restricted)
rPois  .         Gourm    .     (helmet restricted)
rElec  .         Spirit   .     k - +0 cloak
rCorr  .         Warding  .     (gloves unavailable)
rMut   .         Stasis   .     (boots unavailable)
MR     .....                    (no amulet)
Stlth  +++.......               (no ring)
                                o - ring of protection from cold

@: bonded with blade, very slightly contaminated, very quick, not resistant to
hostile enchantments, fairly stealthy
A: unfitting armour, see invisible, herbivore 3, speed 3, slow metabolism 2
a: no special abilities


You were on level 3 of the Dungeon.
You were full.

You visited 1 branch of the dungeon, and saw 3 of its levels.

You collected 91 gold pieces.

Inventory:

Hand weapons
 a - a +1 dagger (weapon)
Armour
 b - a +1 robe (worn)
 k - a +0 cloak (worn)
Jewellery
 o - a ring of protection from cold (left hand)
 v - an uncursed amulet of stasis
Scrolls
 e - a scroll of fog {unknown}
 f - a scroll of noise {unknown}
 h - 2 scrolls of remove curse {unknown}
 i - 3 scrolls of enchant armour {unknown}
 l - 2 scrolls of amnesia {unknown}
 m - 7 scrolls of identify {unknown}
 p - 2 scrolls of teleportation {unknown}
 s - a scroll of magic mapping {unknown}
 t - a scroll of random uselessness {unknown}
Potions
 g - 2 potions of heal wounds {unknown}
 j - a potion of cure mutation {unknown}
 n - a potion of brilliance {unknown}
 q - a potion of agility {unknown}
 r - a potion of haste {unknown}
 u - a potion of might {unknown}
 w - a potion of invisibility {unknown}
Books
 c - a book of Maledictions

   Spells                             Type                      Level
   a - Corona                         Hexes                        1
   b - Sure Blade                     Hexes/Charms                 2
   c - Ensorcelled Hibernation        Hexes/Ice                    2
   d - Confuse                        Hexes                        3
   e - Dazzling Spray                 Conjuration/Hexes            3
   f - Enslavement                    Hexes                        4
Comestibles
 d - 4 bread rations


   Skills:
 + Level 1.2 Short Blades
 + Level 3.6 Dodging
 + Level 5.5 Stealth
 + Level 3.1 Spellcasting
 + Level 4.4 Hexes
 + Level 0.4 Ice Magic


You couldn't memorise any spells.
You knew the following spells:

 Your Spells              Type           Power        Failure   Level  Hunger
a - Corona                Hex            ###....      2%          1    None
b - Ensorcelled Hibernat  Hex/Ice        ##....       12%         2    ##.....
c - Sure Blade            Hex/Chrm       ##........   12%         2    ##.....
d - Confuse               Hex            ###.....     10%         3    ###....


Dungeon Overview and Level Annotations

Branches:
Dungeon (3/15)

Altars:

Annotations:
D:3 Grinder; dearth's ghost, average MfSk


Innate Abilities, Weirdness & Mutations

You are tiny and cannot use many weapons and most armour.
You have supernaturally acute eyesight.
You are a herbivore.
You cover ground extremely quickly.
You need consume almost no food.


Message History

You become one with your weapon.
You hit Grinder but do no damage.
Grinder is heavily wounded.
You catch the helpless Grinder completely off-guard!
You puncture Grinder!
Grinder is almost dead.
Grinder hits you.
You writhe in agony.
You hit Grinder but do no damage.
Grinder is almost dead.
You hit Grinder but do no damage.
Grinder is almost dead.
You hit Grinder but do no damage.
Grinder is almost dead.
Grinder seems less confused.
Grinder closely misses you.
You barely miss Grinder.
Grinder is almost dead.
Grinder hits you.
* * * LOW HITPOINT WARNING * * *
You writhe in agony.
You die...

... #.! .... #.#.#.#
#....# #.#.#.####......#
#.# ..#.. ...#.# . #.#
#.#.# ..... #..##.# #.#.##
.<.# #..?##.#
#....###.#######
#.#.##.###..#.#.5........
#.#.##.##...#...@...).....
#.#.##....#####....#.###.
#.#.#####...#....>...#
#.#.#######.#.#......#
.......†......#.....##
....########†##.......
......)......##....###
.)...........##.....
....†.#####..##.....


You could see Grinder.

Vanquished Creatures
  2 adders (D:2)
  A giant mite (D:3)
  6 bats
  3 giant cockroaches (D:1)
  4 hobgoblins
  4 jackals (D:1)
  A quokka (D:3)
  A ball python (D:3)
  2 giant newts
  7 goblins
  7 kobolds
  4 rats
42 creatures vanquished.

Notes
Turn   | Place    | Note
--------------------------------------------------------------
     0 | D:1      | dvd, the Spriggan Enchanter, began the quest for the Orb.
     0 | D:1      | Reached XP level 1. HP: 9/9 MP: 4/4
   345 | D:1      | Reached XP level 2. HP: 13/13 MP: 7/7
   353 | D:1      | Learned a level 2 spell: Ensorcelled Hibernation
   356 | D:1      | Learned a level 2 spell: Sure Blade
  1289 | D:2      | Reached skill level 5 in Stealth
  1434 | D:2      | Reached XP level 3. HP: 12/16 MP: 6/9
  1548 | D:2      | Learned a level 3 spell: Confuse
  1997 | D:3      | Noticed dearth's ghost (average MfSk)
  2114 | D:3      | Noticed Grinder
  2166 | D:3      | Slain by Grinder

Action                   || total
-------------------------++-------
Melee: Dagger            ||    99
 Cast: Corona            ||    10
       Ensorcelled Hiber ||    25
       Sure Blade        ||     3
       Confuse           ||     5
 Stab: Sleeping          ||    28
       Confused          ||     3
  Eat: Bread ration      ||     1
